 Dungeon Crawl Stone Soup version 0.21-a0-400-g417d9d2 (webtiles) character file.

7023 Spazmo the Thaumaturge (level 10, -3/50 HPs)
             Began as a Deep Elf Fire Elementalist on Oct 19, 2017.
             Was a High Priest of Sif Muna.
             Slain by a wraith (12 damage)
             ... led by Josephine
             ... on level 9 of the Dungeon on Oct 20, 2017.
             The game lasted 00:39:02 (9247 turns).

Spazmo the Thaumaturge (Deep Elf Fire Elementalist) Turns: 9247, Time: 00:39:02

Health: -3/50      AC:  6    Str:  5      XL:     10   Next: 82%
Magic:  25/36      EV: 13    Int: 23 (24) God:    Sif Muna [*****.]
Gold:   552        SH:  0    Dex: 15      Spells: 17/32 levels left

rFire    + + .     SeeInvis .   o - +3 long sword "Firablewn" {elec, *Noise rElec rF++ MR+++}
rCold    . . .     Gourm    .   (no shield)
rNeg     . . .     Faith    +   Q - +1 robe {MR+}
rPois    .         Spirit   .   s - +1 helmet
rElec    +         Reflect  .   j - scarf {cloud immunity}
rCorr    .         Harm     .   i - +0 pair of gloves
MR       +++++                  (no boots)
Stlth    ++........             k - amulet of faith
HPRegen  0.16/turn              w - ring of magical power
MPRegen  0.25/turn              q - ring of wizardry

@: slowed, very slow
A: no striking features
a: Divine Energy, Channel Magic, Forget Spell, Renounce Religion


You were on level 9 of the Dungeon.
You worshipped Sif Muna.
Sif Muna was extremely pleased with you.
You were not hungry.

You visited 1 branch of the dungeon, and saw 10 of its levels.
You also visited: Ossuary.

You collected 552 gold pieces.

Inventory:

Hand Weapons
 o - the +3 long sword "Firablewn" (weapon) {elec, *Noise rElec rF++ MR+++}
   (You took it off an orc on level 7 of the Dungeon)

   Occasionally, upon striking a foe, it will discharge some electrical energy
   and cause terrible harm.
   It greatly protects you from fire.
   It insulates you from electricity.
   It affects your resistance to hostile enchantments.
   It may make noises in combat.
 t - a +1 dagger of venom
Missiles
 e - 350 stones (quivered)
Armour
 i - a +0 pair of gloves (worn)
 j - a scarf of cloud immunity (worn)
 s - a +1 helmet (worn)
 E - a +1 robe of cold resistance
 Q - a +1 robe of magic resistance (worn)
Jewellery
 k - an amulet of faith (around neck)
 q - a ring of wizardry (right hand)
 w - a ring of magical power (left hand)
 A - an uncursed amulet of regeneration
Wands
 b - a wand of lightning (3/15)
 N - a wand of flame (33/48)
 P - a wand of digging (7/24)
Scrolls
 d - 6 scrolls of teleportation
 h - 3 scrolls of recharging
 n - a scroll of enchant weapon
 p - 3 scrolls of identify
 y - 3 scrolls of remove curse
Potions
 f - 4 potions of haste
 r - 3 potions of flight
 v - 6 potions of curing
 z - a potion of brilliance
 C - a potion of agility
 D - a potion of heal wounds {unknown}
 F - a potion of resistance
 G - a potion of berserk rage {unknown}
 J - a potion of might {unknown}
 R - a potion of invisibility {unknown}
Books
 a - a book of Maledictions

   Spells                             Type                      Level
   a - Corona                         Hexes                        1
   b - Ensorcelled Hibernation        Hexes/Ice                    2
   c - Confuse                        Hexes                        3
   d - Tukima's Dance                 Hexes                        3
   e - Dazzling Spray                 Conjuration/Hexes            3
 l - a book of Misfortune

   Spells                             Type                      Level
   a - Confusing Touch                Hexes                        1
   b - Confuse                        Hexes                        3
   c - Gell's Gravitas                Translocation                3
   d - Petrify                        Transmutation/Earth          4
   e - Metabolic Englaciation         Hexes/Ice                    5
   f - Yara's Violent Unravelling     Hexes/Transmutation          5
 u - a book of Callings

   Spells                             Type                      Level
   a - Summon Small Mammal            Summoning                    1
   b - Call Imp                       Summoning                    2
   c - Call Canine Familiar           Summoning                    3
   d - Summon Guardian Golem          Hexes/Summoning              3
   e - Summon Lightning Spire         Summoning/Air                4
   f - Summon Ice Beast               Ice/Summoning                4
 x - Sif Muna's Papyrus of Unholy Arts
   (Sif Muna gifted it to you on level 10 of the Dungeon)

   Spells                             Type                      Level
   a - Cigotuvi's Embrace             Necromancy                   5
   b - Dispel Undead                  Necromancy                   5
   c - Simulacrum                     Ice/Necromancy               6
   d - Haunt                          Necromancy/Summoning         7
 O - a book of Flames

   Spells                             Type                      Level
   a - Flame Tongue                   Conjuration/Fire             1
   b - Throw Flame                    Conjuration/Fire             2
   c - Conjure Flame                  Conjuration/Fire             3
   d - Inner Flame                    Hexes/Fire                   3
   e - Sticky Flame                   Conjuration/Fire             4
   f - Fireball                       Conjuration/Fire             5
Comestibles
 c - 4 bread rations
 g - 6 meat rations
 m - 3 royal jellies
 H - a fruit


   Skills:
 - Level 3.0 Dodging
 - Level 3.0 Stealth
 + Level 11.9 Spellcasting
 + Level 9.9 Conjurations
 + Level 10.5 Fire Magic
 + Level 5.5 Invocations


You had 17 spell levels left.
You knew the following spells:

 Your Spells              Type           Power        Failure   Level  Hunger
a - Flame Tongue          Conj/Fire      #####        1%          1    None
b - Throw Flame           Conj/Fire      ######       1%          2    None
c - Conjure Flame         Conj/Fire      ######..     1%          3    None
d - Sticky Flame          Conj/Fire      ######..     1%          4    None
e - Fireball              Conj/Fire      ######....   1%          5    ####...


Dungeon Overview and Level Annotations

Branches:
Dungeon (10/15)            Temple (0/1) D:7
   Lair: D:8-11         Orc: D:9-12

Altars:
Ashenzari
Dithmenos
Elyvilon
Fedhas
Gozag
Makhleb
Okawaru
Sif Muna
Yredelemnul

Shops:
D:7 :

Annotations:
D:8 exclusion: oklob plant


Message History

Casting: Flame Tongue
Confirm with . or Enter, or press ? or * to list all spells.
Aiming: Flame Tongue
Press: ? - help, Shift-Dir - straight line, f/p - wraith
Aim: a wraith (severely damaged)
The flame tongue hits the wraith.
The wraith is almost destroyed.
The wraith hits you.
* * * LOW HITPOINT WARNING * * *
The wraith misses you.
You riposte.
You barely miss the wraith.
The wraith is almost destroyed.
Casting: Flame Tongue
Confirm with . or Enter, or press ? or * to list all spells.
Aiming: Flame Tongue
Press: ? - help, Shift-Dir - straight line, f/p - wraith
Aim: a wraith (almost destroyed)
The flame tongue hits the wraith.
The wraith is almost destroyed.
The wraith hits you!
You die...

####.# ####.# ...#.# #######
####.# #.....#
.....###.###.###################
####..........................>#
.........###.######.##########.#
####....####.######.# #.#
####..#.###.....@##.# #####.#
.)))..)..##.....W##.# #.....#
###..##..##......##.# #.#####
..#..##..##......##.# #.# ##
..#..##..........##.# #)# #.
..#..##.....).)..##.# ##)#####.
..#..#.......)...##.# #........
..#..##..........##'## #........
.##..##.###....).....# #........


You could see a wraith.

Vanquished Creatures
  Josephine (D:9)
  A two-headed ogre (D:9)
  Erica (D:9)
  Maurice (D:8)
  Grinder (D:5)
  Sigmund (D:6)
  A wraith (D:9)
  A wyvern (D:6)
  A hog (D:10)
  2 orc warriors
  An ice beast (D:8)
  A sky beast (D:7)
  4 ogres
  2 phantoms
  4 centaurs
  Blork the orc (D:5)
  A big kobold (D:7)
  5 bullfrogs
  2 elf zombies (Ossuary)
  A water moccasin skeleton (D:7)
  An oklob sapling (D:7)
  A howler monkey (D:6)
  6 crimson imps
  A bullfrog zombie (D:5)
  A quasit (D:9)
  3 human zombies (Ossuary)
  4 jellies
  7 orc priests
  A bullfrog skeleton (D:5)
  A centaur skeleton (D:9)
  7 hounds
  10 orc wizards
  8 worker ants
  2 iguanas
  2 big kobold zombies (Ossuary)
  A hound zombie (Ossuary)
  A hound skeleton (D:7)
  3 mummies (Ossuary)
  Robin (D:2)
  8 gnolls
  7 adders
  A shadow imp (D:9)
  An ooze (D:3)
  5 adder zombies
  4 worms
  A dart slug (D:1)
  8 leopard geckos
  31 orcs
  6 bats
  4 giant cockroaches
  14 goblins
  15 hobgoblins
  15 jackals
  10 kobolds
  6 quokkas
  A ball python (D:2)
  7 frilled lizards
  3 gnoll zombies (Ossuary)
  5 goblin zombies (Ossuary)
  5 hobgoblin zombies (Ossuary)
  A jackal zombie (Ossuary)
  3 kobold zombies (Ossuary)
  An orc zombie (Ossuary)
  2 quokka skeletons
  A quokka zombie (Ossuary)
  3 rats
  3 rat zombies (Ossuary)
265 creatures vanquished.

Vanquished Creatures (others)
  2 plants (D:10)
2 creatures vanquished.

Grand Total: 267 creatures vanquished

Notes
Turn   | Place    | Note
-------+----------+-------------------------------------------
     0 | D:1      | Spazmo the Deep Elf Fire Elementalist began the quest for the Orb.
     0 | D:1      | Reached XP level 1. HP: 10/10 MP: 6/6
   108 | D:1      | Reached XP level 2. HP: 15/15 MP: 6/8
   112 | D:1      | Learned a level 2 spell: Throw Flame
  1014 | D:2      | Reached XP level 3. HP: 17/19 MP: 3/9
  1019 | D:2      | Learned a level 3 spell: Conjure Flame
  1528 | D:2      | Noticed Robin
  1775 | D:2      | Reached XP level 4. HP: 22/24 MP: 5/11
  1879 | D:2      | Killed Robin
  1879 | D:2      | Reached skill level 4 in Spellcasting
  1990 | D:2      | Learned a level 4 spell: Sticky Flame
  2173 | D:3      | Reached XP level 5. HP: 28/28 MP: 1/13
  2482 | D:3      | Reached skill level 5 in Spellcasting
  2745 | D:3      | Reached XP level 6. HP: 26/32 MP: 10/15
  2752 | D:3      | Learned a level 5 spell: Fireball
  2833 | D:3      | Upgraded the game from 0.21-a0-398-g2ec2765 to 0.21-a0-400-g417d9d2
  3042 | D:3      | Reached skill level 5 in Fire Magic
  3626 | D:4      | Reached skill level 6 in Spellcasting
  3739 | D:4      | Reached XP level 7. HP: 17/36 MP: 10/18
  4093 | D:5      | Entered Level 5 of the Dungeon
  4279 | D:5      | Reached skill level 5 in Conjurations
  4659 | D:5      | Reached skill level 7 in Spellcasting
  4662 | D:5      | Noticed Grinder
  4716 | D:5      | Paralysed by Grinder for 7 turns
  4730 | D:5      | Killed Grinder
  4730 | D:5      | Reached XP level 8. HP: 27/41 MP: 5/21
  4861 | D:5      | Noticed Blork the orc
  4873 | D:5      | Killed Blork the orc
  4944 | D:5      | Found a deep blue altar of Sif Muna.
  4947 | D:5      | Became a worshipper of Sif Muna the Loreminder
  5313 | D:6      | Reached skill level 8 in Spellcasting
  5407 | D:6      | Reached * piety under Sif Muna
  5410 | D:6      | Found a basalt altar of Yredelemnul.
  5410 | D:6      | Found a white marble altar of Elyvilon.
  5410 | D:6      | Found an opulent altar of Gozag.
  5424 | D:6      | Found a blossoming altar of Fedhas.
  5424 | D:6      | Found a burning altar of Makhleb.
  5517 | D:6      | Found a shattered altar of Ashenzari.
  5652 | D:6      | Reached skill level 1 in Invocations
  5659 | D:6      | Noticed Sigmund
  5675 | D:6      | Killed Sigmund
  5823 | D:6      | Reached skill level 9 in Spellcasting
  5832 | D:6      | Reached XP level 9. HP: 33/45 MP: 22/24
  5993 | D:7      | Found Nuthe's Book Shop.
  6008 | D:7      | Reached ** piety under Sif Muna
  6033 | D:7      | Got a pitted long sword {elec}
  6034 | D:7      | Identified the +3 long sword "Firablewn" {elec, *Noise rElec rF++ MR+++} (You took it off an orc on level 7 of the Dungeon)
  6050 | D:7      | Found a staircase to the Ecumenical Temple.
  6294 | D:7      | Found a sand-covered staircase.
  6305 | Ossuary  | Entered an ossuary
  6571 | Ossuary  | Reached *** piety under Sif Muna
  6720 | Ossuary  | Reached skill level 10 in Spellcasting
  7170 | D:8      | Found a shadowy altar of Dithmenos.
  7223 | D:8      | Noticed Maurice
  7258 | D:8      | Killed Maurice
  7320 | D:8      | Found a blossoming altar of Fedhas.
  7345 | D:8      | Noticed an oklob plant
  7441 | D:8      | Reached **** piety under Sif Muna
  7744 | D:8      | Reached XP level 10. HP: 50/50 MP: 26/26
  8050 | D:9      | Noticed a two-headed ogre
  8067 | D:9      | Killed a two-headed ogre
  8067 | D:9      | Reached skill level 11 in Spellcasting
  8175 | D:9      | Found a blossoming altar of Fedhas.
  8262 | D:9      | Noticed Erica
  8273 | D:9      | Killed Erica
  8273 | D:9      | Reached ***** piety under Sif Muna
  8273 | D:9      | Reached skill level 10 in Fire Magic
  8417 | D:9      | Found an iron altar of Okawaru.
  8589 | D:9      | Got a steaming quarterstaff {holy}
  8590 | D:9      | Identified the +7 quarterstaff "Himecw" {holy, *Rage +Fly rPois rC++} (You took it off an orc on level 9 of the Dungeon)
  8852 | D:10     | Entered Level 10 of the Dungeon
  8870 | D:10     | Identified Sif Muna's Papyrus of Unholy Arts (Sif Muna gifted it to you on level 10 of the Dungeon)
  8870 | D:10     | Received a gift from Sif Muna
  8889 | D:10     | Noticed Josephine
  8940 | D:9      | Killed Josephine
  8940 | D:9      | Reached skill level 5 in Invocations
  9247 | D:9      | Slain by a wraith

Vault maps used:
D:1:      dpeg_arrival_chambers_temple_mockup, minmay_misc_feat_encased
D:2:      uniq_robin
D:4:      serial_park_tiny_2, grunt_tough_drop
D:5:      first_bread, lemuel_blue_sif_altar, uniq_grinder, uniq_blork_the_orc
D:6:      evilmike_ruin_ashenzari, minmay_overflow_temple_star_hex, uniq_sigmund
D:7:      minmay_temple_entry_oklob, nicolae_ossuary_entry_ruins, serial_shops,
          nicolae_shop_statue_plus
D:8:      nicolae_dithmenos_through_a_glass_darkly, tgw_fedhas, uniq_maurice
D:9:      okawaru_trees_1, basic_altar, uniq_erica
D:10:     kennysheep_town, uniq_josephine
Ossuary:  minmay_ossuary_two_tombs

Skill      XL: |  1  2  3  4  5  6  7  8  9 10 |
---------------+-------------------------------+-----
Stealth        | 3 |  3.0
Dodging        | 3 |  3.0
Conjurations   | 2 3 4 5 7 8 9 |  9.9
Fire Magic     | 4 5 6 7 9 10 | 10.5
Spellcasting   | 4 5 6 7 9 10 11 | 11.9
Invocations    | 2 3 5 |  5.5

Action                   |  1- 3 |  4- 6 |  7- 9 | 10-12 || total
-------------------------+-------+-------+-------+-------++-------
Melee: Dagger            |       |    38 |   103 |       ||   141
       Long sword        |       |       |    49 |     2 ||    51
Throw: Stone             |       |     3 |    11 |       ||    14
 Cast: Flame Tongue      |    79 |   144 |   238 |   106 ||   567
       Sticky Flame      |       |     1 |    24 |    13 ||    38
       Throw Flame       |       |       |    17 |    12 ||    29
       Fireball          |       |       |     8 |     1 ||     9
  Use: Scroll            |       |     6 |     6 |     9 ||    21
       Potion            |       |       |     2 |     3 ||     5
  Eat: Chunk             |     2 |     7 |    12 |     5 ||    26
       Fruit             |       |       |     2 |     1 ||     3
Armor: Robe              |     7 |    16 |    51 |    15 ||    89
Dodge: Dodged            |    29 |    50 |   123 |    48 ||   250
       Rpst.: Long sword |       |       |    14 |    14 ||    28

Table legend:
 A = Spawn XP
 B = Non-spawn XP
 C = Spawn XP percentage of total XP
 D = Spawn monster count
 E = Non-spawn monster count
 F = Spawn count percentage of total count
 G = Total turns spent on level
                    A         B        C        D         E        F      G
               +---------+---------+-------+---------+---------+-------+---------
         Total |       0 |   10033 |   0.0 |       0 |     265 |   0.0 |  9247
               +---------+---------+-------+---------+---------+-------+---------
           D:1 |       0 |      39 |   0.0 |       0 |      21 |   0.0 |   902
           D:2 |       0 |      96 |   0.0 |       0 |      34 |   0.0 |  1172
           D:3 |       0 |     385 |   0.0 |       0 |      34 |   0.0 |  1360
           D:4 |       0 |     299 |   0.0 |       0 |      15 |   0.0 |   659
           D:5 |       0 |     886 |   0.0 |       0 |      19 |   0.0 |  1044
           D:6 |       0 |    1277 |   0.0 |       0 |      30 |   0.0 |   856
           D:7 |       0 |     913 |   0.0 |       0 |      26 |   0.0 |   550
           D:8 |       0 |    1302 |   0.0 |       0 |      16 |   0.0 |   821
           D:9 |       0 |    3925 |   0.0 |       0 |      28 |   0.0 |  1322
          D:10 |       0 |     434 |   0.0 |       0 |       5 |   0.0 |    85
       Ossuary |       0 |     477 |   0.0 |       0 |      37 |   0.0 |   476
               +---------+---------+-------+---------+---------+-------+---------
